 Dungeon Crawl Stone Soup version 0.29.0-13-gc9e81de378 (webtiles) character file.

Game seed: 3171207305955465622

344 freelancePsychic the Chopper (level 6, -4/52 HPs)
             Began as a Hill Orc Fighter on Sept 9, 2022.
             Was an Initiate of Beogh.
             Killed from afar by an orc wizard (11 damage)
             ... with a puff of flame
             ... on level 4 of the Dungeon.
             The game lasted 00:03:44 (2818 turns).

freelancePsychic the Chopper (Hill Orc Fighter)     Turns: 2818, Time: 00:03:44

Health: -4/52      AC:  9    Str: 19    XL:     6   Next: 58%
Magic:  6/6        EV:  9    Int:  8    God:    Beogh [......]
Gold:   126        SH:  0    Dex: 12    Spells: 5/5 levels left

rFire   . . .      SeeInvis .   a - +0 war axe
rCold   . . .      Faith    .   c - +0 buckler
rNeg    . . .      Spirit   .   b - +0 scale mail
rPois   .          Reflect  .   (no helmet)
rElec   .          Harm     .   (no cloak)
rCorr   .          Rampage  .   (no gloves)
Will    .....                   e - +1 pair of boots
Stlth   ..........              (no amulet)
HPRegen 0.17/turn               (no ring)
MPRegen 0.10/turn               (no ring)

@: confused, lethally poisoned (-4 -> -19), attractive, flying, unable to read
A: hooves 1, inability to read after injury 1
a: Renounce Religion


You were on level 4 of the Dungeon.
You worshipped Beogh.
Beogh was noncommittal.
You visited 1 branch of the dungeon, and saw 4 of its levels.

You collected 126 gold pieces.

Inventory:

Hand Weapons
 a - a +0 war axe (weapon)
Missiles
 h - 2 boomerangs (quivered)
Armour
 b - a +0 scale mail (worn)
 c - a +0 buckler (worn)
 e - a +1 pair of boots (worn)
Wands
 l - a wand of acid (9)
 o - a wand of paralysis (4)
Scrolls
 f - a scroll of enchant armour {unknown}
 i - 3 scrolls of identify {unknown}
 j - a scroll of noise {unknown}
 m - a scroll of immolation {unknown}
Potions
 d - a potion of might


   Skills:
 - Level 4.0 Fighting
 * Level 7.4 Axes
 - Level 3.2 Armour
 - Level 3.5 Shields
 + Level 2.9 Evocations


You had 5 spell levels left.
You didn't know any spells.
Your spell library was empty.

Dungeon Overview and Level Annotations

Branches:
Dungeon (4/15)
 Temple: D:4-7

Altars:
Cheibriados
Elyvilon
Gozag
Makhleb
Ru


Innate Abilities, Weirdness & Mutations

You have large cloven feet.
You occasionally lose the ability to read scrolls when taking damage.


Message History

The orc hits something with a +0 flail.
The orc priest barely misses itself.
The orc completely misses something.
Something hits the orc priest but does no damage.
The orc priest is poisoned.
Found a fizzy cyan potion.
You start resting.
You hear some strange, mumbled words.
Something tries to affect you, but you resist.
You barely miss something. Something hits you but does no damage.
You are poisoned.
You hit something.
You feel very sick. Something hits you but does no damage.
You closely miss something.
You feel sick.
You hear some strange, mumbled words.
A puff of flame appears from out of thin air!
The puff of flame hits you!
You miss something.
You feel sick.
You hear some strange, mumbled words.
You are confused.
Okay, then.
It was a potion of mutation.
You feel extremely strange.
You occasionally lose the ability to read scrolls when taking damage.
Your feet thicken and deform.
You feel sick. Something hits you but does no damage.
You are more poisoned.
It was a potion of attraction.
You feel attractive to monsters.
You feel sick. Something hits you but does no damage.
You are lethally poisoned!
It was a potion of flight.
You feel very buoyant.
You fly up into the air.
* * * LOW HITPOINT WARNING * * *
You feel very sick.
You hear some strange, mumbled words.
A puff of flame appears from out of thin air!
The puff of flame hits you!
You feel threatened and lose the ability to read scrolls!
You die...

#. #.#........# #.#
#.#####.#........#
#.#
##.......#......###
#.#
#...............#
#.#
#.#########'####
#<# #...........#
#.# #..##########
#.# #..############
#.# #....{@........
#.# #.).##########!
#.# #...# #.# #..oo
#.# #..)## #.#..
..... ##.....
#.....


There were no monsters in sight!

Vanquished Creatures
  A centaur (D:4)
  A bullfrog (D:4)
  A hound (D:3)
  An orc wizard (D:4)
  5 adders
  8 gnolls (D:3)
  A worm (D:3)
  A dart slug (D:1)
  6 ball pythons
  7 endoplasms
  2 giant cockroaches
  2 goblins
  4 hobgoblins
  3 kobolds
  A quokka (D:1)
  5 bats
  5 frilled lizards
  3 rats
57 creatures vanquished.

Vanquished Creatures (others)
  An orc wizard (D:4)
  An orc (D:4)
  A giant cockroach (D:4)
3 creatures vanquished.

Grand Total: 60 creatures vanquished

Notes
Turn   | Place    | Note
-------+----------+-------------------------------------------
     0 | D:1      | freelancePsychic the Hill Orc Fighter began the quest for
                  | the Orb.
     0 | D:1      | Reached XP level 1. HP: 19/19 MP: 1/1
   107 | D:1      | Reached skill level 3 in Axes
   206 | D:1      | Reached XP level 2. HP: 27/27 MP: 2/2
   452 | D:1      | Found a faded altar of an unknown god.
   540 | D:2      | Reached XP level 3. HP: 33/33 MP: 3/3
   635 | D:2      | Reached skill level 4 in Axes
  1180 | D:2      | Reached XP level 4. HP: 31/40 MP: 4/4
  1497 | D:3      | Reached skill level 5 in Axes
  1500 | D:3      | Reached skill level 1 in Evocations
  1666 | D:3      | Found a burning altar of Makhleb.
  1767 | D:3      | Reached XP level 5. HP: 46/46 MP: 5/5
  1905 | D:3      | Found a white marble altar of Elyvilon.
  2007 | D:3      | Found an opulent altar of Gozag.
  2007 | D:3      | Found a sacrificial altar of Ru.
  2007 | D:3      | Found a snail-covered altar of Cheibriados.
  2032 | D:3      | Reached skill level 6 in Axes
  2619 | D:4      | Noticed a centaur
  2631 | D:4      | Killed a centaur
  2632 | D:4      | Reached skill level 7 in Axes
  2632 | D:4      | Reached XP level 6. HP: 40/52 MP: 6/6
  2796 | D:4      | Became a worshipper of Beogh the Brigand
  2816 | D:4      | Gained mutation: You occasionally lose the ability to read
                  | scrolls when taking damage. [potion of mutation]
  2816 | D:4      | Gained mutation: You have large cloven feet. [potion of
                  | mutation]
  2818 | D:4      | Killed from afar by an orc wizard

Illustrated notes

Levels and vault maps discovered:
D:1:      lightli_arrival_statuegarden, layout_rooms,
          ebering_ecumenical_altar_rust
D:2:      layout_basic
D:3:      layout_loops_ring, overflow_temple_1_default,
          mainiacjoe_overflow_boulevard, gammafunk_temple_overflow_claw,
          minmay_stone_trees_small, grunt_decor_one_mirror
D:4:      layout_basic, lemuel_crystal_altar

Skill      XL: |  1  2  3  4  5 |
---------------+----------------+-----
Axes           | 3 4 5 7 |  7.4
Fighting       | 4 |  4.0
Evocations     | 1 2 |  2.9
Armour         | |  3.2
Shields        | |  3.5

Action                   |  1- 3 |  4- 6 || total
-------------------------+-------+-------++-------
Melee: War axe           |   109 |    93 ||   202
Invok: Convert to Beogh  |       |     1 ||     1
Evoke: Wand              |       |     1 ||     1
  Use: Potion            |       |     3 ||     3
Armor: Scale mail        |    50 |    37 ||    87
Dodge: Dodged            |    52 |    41 ||    93
Block: Buckler           |    18 |    23 ||    41
